 Dungeon Crawl Stone Soup version 0.29.1-1-gd02db6906a (webtiles) character file.

Game seed: 4015671765284342721

497 infinitevox the Sneak (level 6, -2/47 HPs)
             Began as a Demonspawn Delver on Oct 18, 2022.
             Slain by a hound (5 damage)
             ... in a bailey.
             The game lasted 00:06:14 (2091 turns).

infinitevox the Sneak (Demonspawn Delver)           Turns: 2091, Time: 00:06:15

Health: -2/47      AC:  1    Str: 13    XL:     6   Next: 93%
Magic:  6/6        EV: 12    Int: 13    God:
Gold:   105        SH:  0    Dex: 16    Spells: 5/5 levels left

rFire   . . .      SeeInvis .   m - +2 short sword (venom)
rCold   . . .      Faith    .   (no shield)
rNeg    . . .      Spirit   .   b - +0 leather armour
rPois   .          Reflect  .   (no helmet)
rElec   .          Harm     .   (no cloak)
rCorr   .          Rampage  .   (no gloves)
Will    .....                   (no boots)
Stlth   +++.......              (no amulet)
HPRegen 0.15/turn               (no ring)
MPRegen 0.10/turn               (no ring)

@: no status effects
A: big brain 1, demonic touch 1, deformed body, MP-powered wands
a: no special abilities


You were in a bailey.
You visited 1 branch of the dungeon, and saw 4 of its levels.
You also visited: Bailey.

You collected 105 gold pieces.

Inventory:

Hand Weapons
 a - a +0 falchion
 m - a +2 short sword of venom (weapon)
Armour
 b - a +0 leather armour (worn)
Wands
 g - a wand of digging (3)
 h - a wand of paralysis (1)
Scrolls
 c - a scroll of fog
 e - a scroll of fear
 j - a scroll of teleportation {unknown}
 k - a scroll of torment {unknown}
 l - a scroll of enchant weapon {unknown}
 n - a scroll of identify {unknown}
Potions
 i - a potion of mutation


   Skills:
 - Level 3.0 Fighting
 + Level 4.8 Long Blades
 + Level 0.9 Armour
 - Level 3.0 Dodging
 - Level 5.0 Stealth
 * Level 3.3 Unarmed Combat


You had 5 spell levels left.
You didn't know any spells.
Your spell library contained the following spells:

 Spells                   Type           Power      Damage    Failure   Level
 Ensorcelled Hibernation  Hex/Ice        0%         N/A       52%         2
 Spider Form              Tmut/Pois      0%         N/A       75%         3
 Anguish                  Hex/Necr       0%         N/A       98%         4
 Olgreb's Toxic Radiance  Pois           0%         N/A       98%         4
 Ozocubu's Refrigeration  Ice            0%         4d7       100%        7
 Ignition                 Fire           0%         3d3       100%        8


Dungeon Overview and Level Annotations

Branches:
Dungeon (7/15)             Bailey (1/1)
 Temple: D:4-7

Altars:
Fedhas
Hepliaklqana
Qazlal


Innate Abilities, Weirdness & Mutations

You have an unusually large brain. (Int +2)
Your touch may inflict minor irresistible damage on your foes.
Armour fits poorly on your strangely shaped body.
You expend magic power (3 MP) to strengthen your wands.


Message History

You see here a throwing net.
You struggle against the net.
You struggle against the net.
You shred the net and break free! The hound bites you. x2
The hound attacks as you move away! The hound closely misses you. x2
You hit the hound but do no damage.
The hound is poisoned.
The hound bites you.
You miss the hound. The hound barely misses you.
You closely miss the hound.
The hound is lightly wounded.
The hound barely misses you. The gnoll barely misses you. The hound bites you.
You hit the hound but do no damage.
The hound looks as sick as possible!
The hound is moderately wounded.
The gnoll barely misses you. The gnoll closely misses you.
The hound barely misses you.
You hit the hound.
The hound looks as sick as possible!
The hound is heavily wounded.
The hound bites you.
The gnoll hits you from afar with a +0 halberd!
The gnoll hits you from afar with a +0 halberd.
The hound bites you.
You hit the hound.
The hound looks as sick as possible!
You touch the hound.
You kill the hound!
The gnoll throws a throwing net.
The throwing net closely misses you. The gnoll barely misses you.
You miss the hound.
You touch the hound.
The hound is moderately wounded.
The hound barely misses you.
The gnoll hits you from afar with a +0 halberd!
* * * LOW HITPOINT WARNING * * *
The gnoll barely misses you. The hound bites you.
* * * LOW HITPOINT WARNING * * *
It was a potion of cancellation.
You feel magically purged.
The gnoll hits you from afar with a +0 halberd!
* * * LOW HITPOINT WARNING * * *
The hound misses you. The gnoll closely misses you.
It was a potion of mutation.
You feel extremely strange.
Your body twists and deforms.
You feel your magical essence link to the dungeon's wands.
The hound bites you.
You die...

******,,,~~**
,,,8,**#..≈.*
,,,,,*,#..≈.**
,,,,,*,#..≈..*
**,,,*,#..≈..*
,**,,+,#..≈..♣*
,,*****#..≈...♣♣
,,,*,,,+......g♣♣♣#
,,,+,,,+......∩h@∩#
,,,*,,,+......g♣♣♣#
,,*****#..≈...♣♣
,**,,+,#..≈...*
**,,,*,#..≈...*
,,,,,*,#..≈..♣*
,,,,,*,#..≈.♣*
,,,8,**#..≈.*
******,,,~~**


You could see a hound and 2 gnolls.

Vanquished Creatures
  2 ogres (D:5)
  A phantom (D:5)
  A scorpion (D:5)
  2 hounds
  3 jellies (D:5)
  3 adders (D:5)
  A white imp (D:5)
  An ufetubus (D:5)
  4 orcs (D:5)
  4 jackals (D:5)
  A quokka (D:5)
23 creatures vanquished.

Notes
Turn   | Place    | Note
-------+----------+-------------------------------------------
     0 | D:5      | infinitevox the Demonspawn Delver began the quest for the
                  | Orb.
     0 | D:5      | Reached XP level 1. HP: 18/18 MP: 1/1
     1 | D:5      | Noticed a scorpion
    32 | D:5      | Killed a scorpion
    33 | D:5      | Reached skill level 5 in Stealth
    33 | D:5      | Gained mutation: Your touch may inflict minor irresistible
                  | damage on your foes. [demonic ancestry]
    33 | D:5      | Reached XP level 2. HP: 24/24 MP: 2/2
    33 | D:5      | Gained mutation: You have an unusually large brain. (Int
                  | +2) [demonic ancestry]
    33 | D:5      | Reached XP level 3. HP: 29/29 MP: 3/3
    64 | D:5      | Found a blossoming altar of Fedhas.
    97 | D:5      | Reached XP level 4. HP: 18/35 MP: 4/4
   400 | D:5      | Noticed a phantom
   425 | D:5      | Reached skill level 1 in Unarmed Combat
   634 | D:5      | Killed a phantom
   635 | D:5      | Reached XP level 5. HP: 24/41 MP: 5/5
  1237 | D:5      | Noticed an ogre
  1246 | D:5      | Killed an ogre
  1247 | D:5      | Reached XP level 6. HP: 38/47 MP: 6/6
  1391 | D:5      | Found a stormy altar of Qazlal.
  1963 | D:6      | Found a hazy altar of Hepliaklqana.
  2068 | D:7      | Found a flagged portal.
  2076 | Bailey   | Entered a bailey
  2091 | Bailey   | Gained mutation: Armour fits poorly on your strangely
                  | shaped body. [potion of mutation]
  2091 | Bailey   | Gained mutation: You expend magic power (3 MP) to
                  | strengthen your wands. [potion of mutation]
  2091 | Bailey   | Slain by a hound

Illustrated notes

Levels and vault maps discovered:
D:4:      layout_loops_corners, nemelex_dance_club_becter,
          nicolae_overflow_hidden_temple, uniq_duvessa
D:5:      layout_loops_cross, mainiacjoe_overflow_surrounded_room,
          nicolae_qazlal_general_emergency, serial_glass, glass_columns_a,
          glass_columns_a, glass_columns_b, kennysheep_generic_room_5
D:6:      layout_basic, lemuel_crystal_altar
D:7:      layout_basic, marbit_many_paths, minmay_temple_entry_large_hall,
          enter_bailey_2, uniq_maggie
Bailey:   bailey_polearm_gnolls_kennysheep, bailey

Skill      XL: |  1  2  3  4  5  6 |
---------------+-------------------+-----
Long Blades    | 3 4 |  4.8
Dodging        | 2 3 |  3.0
Stealth        | 5 |  5.0
Unarmed Combat | 1 2 3 |  3.3
Fighting       | |  3.0
Armour         | |  0.9

Action                   |  1- 3 |  4- 6 || total
-------------------------+-------+-------++-------
Melee: Falchion          |    28 |    57 ||    85
       Punch             |     1 |     2 ||     3
       Touch             |     1 |    14 ||    15
       Short sword       |       |     7 ||     7
Evoke: Wand              |     3 |     6 ||     9
  Use: Potion            |     1 |     3 ||     4
       Scroll            |       |     1 ||     1
 Stab: Paralysed         |    10 |    17 ||    27
       Sleeping          |     1 |     5 ||     6
Armor: Leather armour    |     7 |     5 ||    12
Dodge: Dodged            |    14 |    30 ||    44
